 Dungeon Crawl Stone Soup version 0.17-a0-1617-gfba1302 (webtiles) character file.

120 thrall606 the Stinger (level 4, -1/31 HPs)
             Began as a Demonspawn Venom Mage on Aug 1, 2015.
             Succumbed to a kobold's poison
             ... on level 3 of the Dungeon.
             The game lasted 00:24:35 (4590 turns).

thrall606 the Stinger (Demonspawn Venom Mage)       Turns: 4590, Time: 00:24:36

Health: -1/31      AC:  7    Str:  8    XL:     4   Next: 75%
Magic:  1/7        EV:  8    Int: 16    God:
Gold:   173        SH:  0    Dex: 15    Spells: 1 memorised, 7 levels left

rFire  . . .     SeeInvis .     k - +0 short sword (venom)
rCold  . . .     Clarity  .     l - +0 scale mail
rNeg   . . .     SustAt   .     (no shield)
rPois  .         Gourm    .     (no helmet)
rElec  .         Spirit   .     (no cloak)
rCorr  .         Warding  .     (no gloves)
rMut   .         Stasis   .     (no boots)
MR     .....                    (no amulet)
Stlth  +.........               (no ring)
                                (no ring)

@: lethally poisoned (-1 -> -39), very slightly contaminated, not resistant to
hostile enchantments, very unstealthy
A: molten scales 1, powered by pain 1, rot immunity
a: no special abilities


You were on level 3 of the Dungeon.
You were not hungry.

You visited 1 branch of the dungeon, and saw 3 of its levels.

You collected 173 gold pieces.

Inventory:

Hand weapons
 d - a +0 dagger
 h - a +0 short sword
 k - a +0 short sword of venom (weapon)
 m - a +0 hand axe
 n - a +0 flail
 o - a +2 flail of protection
Armour
 a - a +0 robe
 e - a +0 ring mail
 g - a +0 ring mail
 l - a +0 scale mail (worn)
Scrolls
 f - a scroll of immolation
 i - 2 scrolls of fog
Books
 b - a Young Poisoner's Handbook

   Spells                             Type                      Level
   a - Sting                          Conjuration/Poison           1
   b - Cure Poison                    Poison                       2
   c - Mephitic Cloud                 Conjuration/Poison/Air       3
   d - Olgreb's Toxic Radiance        Poison                       4
   e - Venom Bolt                     Conjuration/Poison           5
Comestibles
 c - 4 bread rations
 j - 8 chunks of flesh


   Skills:
 + Level 0.8 Fighting
 + Level 0.3 Short Blades
 + Level 1.4 Armour
 + Level 2.2 Dodging
 + Level 1.8 Stealth
 + Level 2.5 Spellcasting
 + Level 1.4 Conjurations
 + Level 4.7 Poison Magic


You had 7 spell levels left.
You knew the following spells:

 Your Spells              Type           Power        Failure   Level  Hunger
a - Sting                 Conj/Pois      ##..         61%         1    #......


Dungeon Overview and Level Annotations

Branches:
Dungeon (3/15)

Altars:


Innate Abilities, Weirdness & Mutations

You are partially covered in molten scales (AC +1).
You sometimes gain a little power by taking damage.
You are immune to rotting.


Message History

You are more poisoned.
You aren't carrying any potions.
You feel very sick.
The kobold shoots a poisoned needle.
The poisoned needle hits you!
You are more poisoned.
You see here a poisoned needle.
You feel very sick.
The kobold shoots a poisoned needle.
The poisoned needle closely misses you.
* * * LOW HITPOINT WARNING * * *
You feel very sick.
* * * LOW HITPOINT WARNING * * *
You feel very sick.
The kobold unwields an uncursed blowgun.
The kobold wields an uncursed whip.
The kobold closely misses you.
* * * LOW HITPOINT WARNING * * *
You feel very sick. The kobold hits you but does no damage.
You hit the kobold but do no damage.
The kobold is severely wounded.
You die...

#.# .#.#
.#.# .#.#
.#.# .#.#
##.#.#
#####K.#.#
#....@.#.#
#......#.#
#.....##.#
#...(.##.#
#...(....#
#.((.#####
#....#
######


You could see a kobold.

Vanquished Creatures
  4 adders
  2 worms
  5 orcs (D:3)
  5 giant cockroaches
  12 hobgoblins
  6 jackals (D:3)
  A quokka (D:2)
  4 bats (D:1)
  2 giant geckos (D:1)
  3 giant newts (D:1)
  10 goblins
  10 kobolds
  7 rats
71 creatures vanquished.

Notes
Turn   | Place    | Note
--------------------------------------------------------------
     0 | D:1      | thrall606 the Demonspawn Venom Mage began the quest for the Orb.
     0 | D:1      | Reached XP level 1. HP: 13/13 MP: 3/3
   534 | D:1      | Gained mutation: You are partially covered in molten scales (AC +1). [demonic ancestry]
   534 | D:1      | Reached XP level 2. HP: 13/19 MP: 1/5
  1766 | D:1      | Reached skill level 1 in Armour
  1820 | D:2      | Gained mutation: You are immune to rotting. [demonic ancestry]
  1820 | D:2      | Reached XP level 3. HP: 24/24 MP: 1/6
  2651 | D:2      | Reached skill level 1 in Conjurations
  2825 | D:2      | Gained mutation: You sometimes gain a little power by taking damage. [demonic ancestry]
  2825 | D:2      | Reached XP level 4. HP: 31/31 MP: 4/7
  4590 | D:3      | Succumbed to a kobold's poison

Vault maps used:
D:1:      dpeg_arrival_snail, minmay_quantized
D:2:      minmay_close_crescents
D:3:      first_bread

Action                   |  1- 3 |  4- 6 || total
-------------------------+-------+-------++-------
Melee: Short sword       |   120 |    46 ||   166
       Flail             |       |     9 ||     9
 Cast: Sting             |    65 |    49 ||   114
  Use: Scroll            |     4 |     3 ||     7
       Potion            |     1 |     2 ||     3
  Eat: Chunk             |     5 |     1 ||     6
       Royal jelly       |     1 |       ||     1
       Bread ration      |       |     1 ||     1
       Beef jerky        |       |     1 ||     1
